Map: [ESL] Solaris

Players

Scarlett

  • Race: Zerg Zerg
  • Spawn Location: 1:00

Lambo - Winner!

  • Race: Zerg Zerg
  • Spawn Location: 7:00

Event: IEM Katowice 2024

VOD

Have the link to the VOD?

Description

Time

  • Played on: Dec. 8, 2023, 1:09 p.m.
  • Length: 8:49

All games in this series

Show
View Real Time Build Order
Export as new Build Order

Scarlett Zerg 

Build Orders: Hatch First 

Get SALT Encoding   

  12  0:00  Drone  
  13  0:12  Overlord  
  13  0:17  Drone  
  14  0:30  Drone x2  
  16  0:47  Hatchery  
  15  0:51  Drone  
  15  0:55  Drone  
  17  0:57  Drone  
  18  1:09  Extractor  
  17  1:13  Spawning Pool  
  17  1:16  Drone  
  17  1:18  Drone  
  18  1:28  Drone  
  19  1:38  Drone  
  20  1:49  Drone  
  21  1:59  Queen x2  
  21  2:00  Zergling x2, Overlord  
  26  2:08  Metabolic Boost  
  26  2:09  Drone  
  26  2:11  Drone  
  28  2:23  Zergling x2  
  28  2:24  Drone  
  30  2:32  Drone x2  
  32  2:40  Hatchery  
  31  2:44  Overlord  
  31  2:45  Drone  
  32  2:52  Drone  
  32  2:54  Drone  
  34  3:08  Drone x8  
  42  3:14  Queen  
  42  3:17  Overlord  
  44  3:26  Evolution Chamber  
  43  3:29  Overlord  
  43  3:31  Drone  
  44  3:37  Drone  
  44  3:40  Drone x7  
  52  3:44  Extractor x2  
  50  3:51  Roach Warren  
  50  3:53  Zergling x6  
  52  4:02  Lair  
  52  4:05  Extractor  
  52  4:08  Zergling x4  
  52  4:09  Evolution Chamber  
  52  4:13  Drone  
  52  4:14  Drone x3  
  56  4:17  Drone x3  
  56  4:18  Overlord  
  58  4:25  Zerg Missile Weapons Level 1  
  58  4:26  Overlord  
  58  4:30  Overlord  
  58  4:32  Overlord  
  58  4:36  Overlord  
  58  4:41  Roach x2  
  62  4:46  Roach x2  
  62  4:52  Roach x3  
  72  5:03  Glial Reconstitution  
  72  5:07  Roach x2, Spire  
  72  5:12  Roach x2  
  76  5:27  Hatchery  
  75  5:30  Roach x3  
  81  5:47  Roach x6  
  93  6:07  Drone  
  93  6:08  Drone x5  
  98  6:24  Overlord x2  
  98  6:25  Overlord  
  98  6:40  Mutalisk x3  
  98  6:44  Mutalisk x4  
  112  6:50  Roach x3  
  118  6:55  Roach  
  118  6:58  Overlord x4  
  120  7:02  Drone  
  121  7:08  Drone  
  121  7:14  Overlord  
  121  7:15  Drone  
  123  7:16  Ravager x3  
  123  7:20  Drone  
  123  7:22  Ravager  
  128  7:24  Hatchery  
  128  7:29  Drone  
  138  7:30  Drone x10  
  134  7:39  Roach x3  
  138  7:49  Extractor  
  138  7:50  Extractor, Drone, Overlord  
  138  7:51  Drone  
  138  7:54  Ravager  
  138  7:55  Ravager  
  138  7:56  Roach x6  
  152  8:01  Roach x3  
  158  8:07  Unknown  
  158  8:08  Roach x3  
  162  8:13  Roach x2  
  162  8:19  Roach  
  152  8:30  Roach x7  
Show
View Real Time Build Order
Export as new Build Order

Lambo Zerg - Winner!

Build Orders: Hatch First 

Get SALT Encoding   

  12  0:00  Drone  
  13  0:08  Drone  
  14  0:14  Extractor, Drone  
  15  0:37  Hatchery  
  14  0:43  Extractor, Drone  
  14  0:47  Overlord  
  15  1:03  Spawning Pool  
  14  1:06  Drone  
  14  1:09  Drone  
  16  1:13  Drone  
  17  1:22  Drone  
  17  1:23  Extractor  
  17  1:28  Drone  
  19  1:40  Drone  
  19  1:49  Drone x2  
  19  1:50  Queen  
  19  1:51  Queen  
  25  1:59  Drone  
  25  2:00  Overlord  
  26  2:10  Drone  
  26  2:11  Drone  
  28  2:21  Drone  
  28  2:22  Drone  
  30  2:25  Queen, Metabolic Boost  
  32  2:32  Drone  
  32  2:35  Overlord  
  33  2:42  Drone  
  33  2:43  Drone  
  35  2:51  Evolution Chamber  
  34  2:55  Drone x2  
  34  2:56  Roach Warren  
  35  2:58  Drone  
  35  2:59  Drone  
  37  3:06  Zergling x6  
  37  3:09  Overlord  
  40  3:13  Zergling x2  
  40  3:16  Zerg Missile Weapons Level 1  
  40  3:19  Zergling x4  
  43  3:25  Overlord  
  43  3:29  Zergling x6  
  43  3:30  Zergling x2  
  47  3:39  Evolution Chamber  
  47  3:40  Zergling x6  
  49  3:42  Zergling x4  
  53  3:55  Zergling x4  
  53  3:57  Hatchery  
  53  4:03  Drone x2  
  55  4:14  Drone x5  
  60  4:22  Overlord  
  60  4:25  Overlord  
  60  4:27  Overlord  
  59  4:31  Lair  
  59  4:33  Overlord  
  59  4:34  Extractor  
  59  4:37  Drone  
  59  4:42  Drone x6  
  65  4:46  Extractor  
  65  4:51  Overlord  
  64  4:55  Overlord  
  67  5:00  Roach x3  
  67  5:04  Drone  
  70  5:12  Roach x3  
  70  5:13  Drone, Roach  
  79  5:14  Drone  
  79  5:17  Drone x3  
  83  5:23  Overlord  
  83  5:26  Overlord  
  83  5:29  Drone, Glial Reconstitution  
  83  5:34  Zerg Missile Weapons Level 2  
  84  5:37  Overseer  
  84  5:38  Drone  
  84  5:39  Drone x2  
  84  5:41  Extractor  
  84  5:42  Roach  
  88  5:45  Overlord  
  88  5:47  Drone  
  88  5:49  Roach  
  91  5:51  Roach  
  91  5:55  Roach x2  
  97  5:59  Drone  
  97  6:03  Roach x3  
  103  6:06  Roach x2  
  103  6:08  Overlord  
  107  6:12  Queen  
  107  6:16  Overlord x2  
  109  6:24  Roach x4  
  118  6:33  Queen  
  118  6:38  Drone x5  
  125  6:42  Pneumatized Carapace  
  125  6:43  Spore Crawler  
  125  6:44  Spore Crawler  
  125  6:46  Spore Crawler  
  120  6:47  Drone  
  120  6:52  Roach x4  
  129  6:54  Drone  
  129  6:56  Queen  
  132  7:01  Drone  
  132  7:02  Drone  
  132  7:04  Drone  
  132  7:08  Roach x2  
  139  7:09  Queen, Overlord  
  141  7:16  Roach x4  
  149  7:26  Overlord  
  149  7:27  Overlord  
  149  7:33  Overlord  
  147  7:40  Roach x3, Overlord  
  147  7:41  Overlord  
  151  7:46  Overlord  
  151  7:50  Queen x2  
  151  7:51  Extractor, Queen  
  156  7:55  Ravager x2  
  156  7:56  Ravager x2  
  156  7:57  Roach x6  
  171  8:06  Overlord  
  171  8:09  Roach x6  
  183  8:13  Overlord  
  183  8:16  Roach x2  
  187  8:21  Roach x4  
  187  8:24  Roach  
  175  8:30  Roach x4  

Tags
 
Add a new tag
Caveats
  • Supply blocks, unpowered buildings, or Contaminate may cause inaccurate times.
  • Supply counts are checked every 10 seconds.